 Dungeon Crawl Stone Soup version 0.20-a0-2-g2b0e13a (webtiles) character file.

636541 Jorund the Axe Maniac (level 26, -1/274 HPs)
             Began as a Demonspawn Gladiator on Oct 28, 2016.
             Was the Champion of Okawaru.
             Slain by a shadow dragon (9 damage)
             ... on level 1 of the Realm of Zot.
             The game lasted 02:54:58 (51042 turns).

Jorund the Axe Maniac (Demonspawn Gladiator)       Turns: 51042, Time: 02:54:59

Health: -1/274     AC: 45    Str: 34      XL:     26   Next: 36%
Magic:  22/26      EV: 19    Int: 10 (12) God:    Okawaru [******]
Gold:   5480       SH: 11    Dex: 20      Spells: 0 memorised, 25 levels left

rFire  + . .     SeeInvis .     O - +9 executioner's axe (vamp)
rCold  + . .     Gourm    .     H - +9 crystal plate armour
rNeg   + . .     Faith    .     (shield currently unavailable)
rPois  +         Spirit   .     U - +1 hat {MR+}
rElec  +         Reflect  +     X - +1 cloak of Defrasch {rC+ rN+ Stlth+}
rCorr  .         Harm     .     q - +0 pair of gloves of Wotirro {rPois MR+}
MR     ++++.                    (boots unavailable)
Stlth  ..........               Z - amulet "Muixoreo" {Reflect SH+3 Stlth+}
                                l - ring of Qemahuop {Fire Str+7}
                                c - ring of Divine Intervention {*Drain rElec rC+ MR+ Dex+5}

@: mighty, heroism, finesse, hasted and slowed, drained
A: hooves 3, large bone plates 3, foul stench 2, low mp 1, powered by death 3,
robust 2, weak 1, rot immunity
a: Heroism, Finesse, Renounce Religion
}: 5/15 runes: barnacled, slimy, silver, abyssal, gossamer


You were on level 1 of the Realm of Zot.
You worshipped Okawaru.
Okawaru was exalted by your worship.
You were not hungry.

You visited 12 branches of the dungeon, and saw 54 of its levels.
You visited the Abyss 1 time.
You also visited: Sewer, Ossuary and Ice Cave.

You collected 8755 gold pieces.
You spent 3275 gold pieces at shops.

Inventory:

Hand Weapons
 y - a +8 executioner's axe of freezing
 O - a +9 vampiric executioner's axe (weapon)
Armour
 q - the +0 pair of gloves of Wotirro (worn) {rPois MR+}
   (You acquired it on level 5 of the Lair of Beasts)

   It protects you from poison.
   It affects your resistance to hostile enchantments.
 s - +1 pearl dragon scales
 H - a +9 crystal plate armour (worn)
 I - the +2 buckler of Puen {*Corrode Regen+ Dex+4 Slay+2}
   (Okawaru gifted it to you on level 1 of the Abyss)

   It affects your dexterity (+4).
   It affects your accuracy and damage with ranged weapons and melee attacks
   (+2).
   It increases your rate of regeneration.
   It may corrode you when you take damage.
 U - a +1 hat of magic resistance (worn)
 X - the +1 cloak of Defrasch (worn) {rC+ rN+ Stlth+}
   (You bought it in a shop on level 13 of the Dungeon)

   It protects you from cold.
   It protects you from negative energy.
   It makes you more stealthy.
Jewellery
 a - an uncursed ring of see invisible
 c - the ring of Divine Intervention (left hand) {*Drain rElec rC+ MR+ Dex+5}
   (You bought it in a shop on level 2 of the Orcish Mines)

   [ring of dexterity]

   It affects your dexterity (+5).
   It protects you from cold.
   It insulates you from electricity.
   It affects your resistance to hostile enchantments.
   It causes draining when unequipped.
 l - the ring of Qemahuop (right hand) {Fire Str+7}
   (You found it on level 3 of the Elven Halls)

   [ring of fire]

   It enhances your fire magic.
   It affects your strength (+7).
   It protects you from fire.
   It makes you vulnerable to cold.
 n - an uncursed amulet of regeneration
 v - an uncursed ring of protection from fire
 x - an uncursed ring of resist corrosion
 Z - the amulet "Muixoreo" (around neck) {Reflect SH+3 Stlth+}
   (You found it on level 3 of the Elven Halls)

   [amulet of reflection]

   It shields you and reflects attacks.
   It affects your SH (+3).
   It makes you more stealthy.
Wands
 b - a wand of teleportation (4/9)
 G - a wand of disintegration (8/24)
 M - a wand of digging (6/24)
Scrolls
 d - 8 scrolls of identify
 i - 22 scrolls of remove curse
 p - a scroll of amnesia
 r - 8 scrolls of fear
 t - 9 scrolls of recharging
 w - 3 scrolls of magic mapping
 B - 2 scrolls of brand weapon
 D - 17 scrolls of teleportation
 Q - 3 scrolls of summoning
 R - 2 scrolls of blinking
 T - 9 scrolls of fog
 V - 4 scrolls of silence
Potions
 h - a potion of haste
 j - 2 potions of berserk rage
 k - 15 potions of curing
 m - 9 potions of heal wounds
 o - a potion of brilliance
 u - 5 potions of cancellation
 A - 9 potions of flight
 C - 3 potions of resistance
 E - 2 potions of agility
 F - 2 potions of magic
 N - a potion of cure mutation
 P - 8 potions of ambrosia
 S - 8 potions of invisibility
 W - 3 potions of might
Miscellaneous
 e - 6 phantom mirrors
Comestibles
 f - 24 bread rations
 g - 21 meat rations
 J - 7 fruits
 K - 2 slices of pizza
 Y - 11 beef jerkies


   Skills:
 - Level 23.4(26.6) Fighting
 O Level 27(26.6) Axes
 - Level 1.7(6.5) Throwing
 + Level 20.1(24.8) Armour
 - Level 12.0(16.7) Dodging
 - Level 6.3(11.1) Shields
 - Level 8.0(7.8) Invocations


You had 25 spell levels left.
You didn't know any spells.

Dungeon Overview and Level Annotations

Branches:
Dungeon (15/15)            Temple (1/1) D:5            Lair (6/6) D:10
 Shoals (4/4) Lair:2       Spider (4/4) Lair:2        Slime (5/5) Lair:6
    Orc (2/2) D:11            Elf (3/3) Orc:2        Vaults (5/5) D:13
  Crypt (3/3) Vaults:2       Tomb (0/3) Crypt:3      Depths (5/5) D:15
    Zot (1/5) Depths:5

Altars:
Ashenzari
Cheibriados
Dithmenos
Elyvilon
Fedhas
Gozag
Hepliaklqana
Kikubaaqudgha
Makhleb
Nemelex Xobeh
Okawaru
Qazlal
Ru
Sif Muna
Trog
Uskayaw
Vehumet
Xom
Yredelemnul
Zin
The Shining One
Lugonu

Shops:
D:5 *   D:9 %   D:13 [   D:14 (   Orc:1 }*[}   Orc:2 =(?%   Elf:2 ?!   Elf:3 (
Vaults:4 [   Vaults:5 ?%?   Depths:5 }=}

Portals:
Hell: Depths:1 Depths:2 Depths:3 Depths:4 Depths:5
Abyss: Depths:4
Pandemonium: Depths:2 Depths:3 Depths:4 Depths:5

Annotations:
D:14 exclusion: obsidian statue
Lair:1 exclusion: oklob plant
Lair:2 exclusion: 2 oklob plants


Innate Abilities, Weirdness & Mutations

You have hooves in place of feet.
You are completely covered in large bone plates. (SH +8)
You frequently emit foul miasma when damaged in melee.
You regenerate a lot of health from kills.
You are very robust. (+20% HP)
You are immune to rotting.
Your magical capacity is low. (-10% MP)
You are weak. (Str -2)


Message History

The red draconian monk looks sick.
The red draconian monk tail-slaps you but does no damage.
You hear a loud "Zot"!
The deathcap releases spores at you but does no damage.
A storm dragon comes into view.
The storm dragon roars deafeningly!
Unknown command.
You feel yourself speed up.
You are engulfed in roaring flames.
You resist.
* * * LOW HITPOINT WARNING * * *
The rime drake is engulfed in dark miasma.
The rime drake is poisoned.
The rime drake rages.
You block the green draconian's attack.
The green draconian tail-slaps you but does no damage.
The shadow dragon bites you!
* * * LOW HITPOINT WARNING * * *
You partially resist.
You feel drained.
* * * LOW HITPOINT WARNING * * *
The shadow dragon claws you!
You die...

....... .
....... ..
...........
##. ..........
....
.d..y.....
.....
..qzk.d..
#....##Dqk§k..
#.....@XDDqDD#


......fqdfzXqk# ....###ddqdDkX# ... .kDlD###8# # #.Dqyk. #dq #.k..y.D X...
#.......# ..... ##....... ..... .... You could see an electric golem, a shadow
dragon (berserk), 3 tentacled monstrosities, a red draconian monk (berserk), 4
golden dragons, 3 storm dragons, a black draconian, a yellow draconian, a green
draconian (berserk), a purple draconian, a red draconian, a curse toe, a death
cob, 2 quicksilver dragons, 3 draconians, a purple draconian zealot, a mottled
draconian annihilator, a yellow draconian scorcher, a death drake, 2 wind
drakes, 2 deathcaps, 3 moths of wrath, a komodo dragon, 3 rime drakes and 2
swamp drakes.

Vanquished Creatures
  the Royal Jelly (Slime:5)
  An ancient lich (Depths:3)
  Mara (Shoals:3)
  2 juggernauts (Depths:5)
  Sojobo (Vaults:4)
  Saint Roka (Depths:2)
  Frederick (Vaults:4)
  A golden dragon (Depths:5)
  A profane servitor (Abyss:1)
  Arachne (Spider:4)
  7 bone dragons
  A Tzitzimitl (Depths:4)
  4 liches
  Rupert (Lair:5)
  3 titans (Vaults:5)
  2 tentacled monstrosities (Vaults:5)
  2 deep elf master archers (Elf:3)
  2 deep elf blademasters (Elf:3)
  20 acid blobs
  A quicksilver dragon (Vaults:5)
  Gastronok (Lair:1)
  6 ancient champions
  6 sphinxes
  10 shadow dragons
  4 tentacled starspawn
  8 tengu reavers
  5 storm dragons
  17 azure jellies
  Ilsuiw (Shoals:4)
  2 revenants
  2 iron dragons (Vaults:5)
  5 ghost moths
  11 fire giants
  20 vault wardens
  4 deep elf sorcerers
  An orc warlord (Orc:2)
  A draconian zealot (Depths:5)
  5 deep elf elementalists
  A cacodemon (Abyss:1)
  9 emperor scorpions
  11 frost giants
  4 curse skulls (Crypt:3)
  A balrug (Depths:2)
  27 very ugly things
  3 reapers
  A spriggan defender (Depths:4)
  12 ghouls
  15 ironheart preservers
  A draconian caller (Depths:5)
  2 war gargoyles
  18 stone giants
  5 deep elf demonologists (Elf:3)
  A lorocyproca (Abyss:1)
  2 black draconians (Depths:5)
  5 deep elf annihilators
  7 entropy weavers
  Azrael (D:15)
  A white draconian (Depths:5)
  A red draconian (Depths:5)
  Nessos (Lair:5)
  2 purple draconians (Depths:5)
  8 vampire knights
  2 mottled draconians
  10 deep elf death magi
  4 spark wasps
  3 eidola
  Snorg (D:11)
  9 merfolk javelineers
  14 ettins
  9 merfolk impalers
  2 green deaths
  Josephine (Lair:5)
  8 fire dragons
  7 yaktaur captains
  4 deep elf high priests
  6 death oozes (Slime:5)
  A quicksilver dragon zombie (D:15)
  3 jiangshi (Crypt:1)
  6 rakshasas
  2 hydras
  The ghost of Gobser the Cleaver, a journeyman MiFi of Qazlal (Orc:2)
  13 great orbs of eyes
  34 vault guards
  The ghost of Mysteryquy the Cleaver, a journeyman MiFi of Hepliaklqana (D:11)
  2 quicksilver dragon skeletons
  2 spriggan air magi
  11 ice dragons
  Erolcha (D:10)
  40 starcursed masses
  10 centaur warriors
  A catoblepas (D:14)
  2 alligator snapping turtles
  5 death knights
  5 merfolk aquamancers (Shoals:4)
  3 merfolk avatars
  28 dancing weapons
  5 satyrs
  11 ogre magi
  5 deep troll earth magi
  6 deep troll shamans
  A queen ant (Lair:4)
  7 tengu warriors
  An orc high priest (Orc:2)
  A shock serpent (shapeshifter) (Depths:4)
  20 deep elf knights
  A thrashing horror (Abyss:3)
  4 vampire magi
  6 soul eaters
  3 hell hogs (Abyss:3)
  A sun demon (Depths:2)
  A storm dragon zombie (Crypt:3)
  7 shadow wraiths
  16 small abominations
  A sixfirhy (Abyss:3)
  5 hell knights (Depths:3)
  6 wretched stars
  2 unseen horrors
  A death drake (Depths:3)
  3 iron trolls
  A sea snake (shapeshifter) (Depths:5)
  A spatial maelstrom (Abyss:3)
  A fire crab (Lair:6)
  3 glowing orange brains
  4 shadow demons
  21 deep trolls
  13 sea snakes
  2 swamp dragons (Abyss:3)
  A quicksilver dragon simulacrum (Crypt:1)
  2 storm dragon skeletons
  28 skeletal warriors
  A spectral anaconda (Depths:3)
  7 deep elf archers
  A sphinx zombie (Crypt:2)
  7 wizards
  Pikel (D:6)
  5 hill giants
  13 ironbrand convokers
  2 orange crystal statues (Depths:3)
  10 necromancers
  The ghost of Duralumin the Zephyrmancer, a novice HEAE of Sif Muna (D:7)
  An iron dragon zombie (D:15)
  14 phantasmal warriors
  12 flayed ghosts
  9 orc knights
  24 wolf spiders
  3 mana vipers
  14 orb spiders
  12 harpies
  5 orc sorcerers
  A fire giant zombie (Crypt:3)
  5 shining eyes
  51 deep elf magi
  A sphinx skeleton (Crypt:3)
  25 fauns
  12 elephants
  A stone giant zombie (Crypt:1)
  A wolf spider (shapeshifter) (Depths:4)
  A cyclops (shapeshifter) (Depths:1)
  15 manticores
  4 cyclopes
  A salamander (shapeshifter) (Vaults:4)
  An oklob plant (D:10)
  2 stone giant skeletons
  2 worldbinders
  3 moths of wrath
  14 large abominations
  60 ugly things
  2 ice statues (IceCv)
  An eye of devastation (shapeshifter) (Abyss:3)
  2 fire giant skeletons
  A guardian serpent (Abyss:3)
  13 vault sentinels
  3 black mambas
  7 sirens
  An elephant (shapeshifter) (Vaults:1)
  An eye of devastation (Slime:5)
  A spiny frog (shapeshifter) (Vaults:1)
  13 spiny frogs
  2 apocalypse crabs (Abyss:3)
  8 water nymphs
  A water nymph (shapeshifter) (Depths:4)
  4 torpor snails
  A gargoyle (D:13)
  2 smoke demons
  4 rime drakes
  A shock serpent skeleton (Crypt:1)
  5 centaur skeletons
  A yaktaur zombie (Vaults:4)
  An emperor scorpion zombie (Crypt:1)
  A spriggan zombie (D:15)
  43 yaktaurs
  4 dire elephant skeletons
  A hellion (Abyss:3)
  3 tengu conjurers
  2 white draconian zombies (Crypt:2)
  A yellow draconian skeleton (Crypt:1)
  8 komodo dragons
  2 ice devils (Lair:3)
  10 freezing wraiths
  A pale draconian skeleton (Crypt:2)
  A green draconian skeleton (Crypt:1)
  3 hellwings (Abyss:1)
  17 demonic crawlers
  2 anaconda simulacra (Depths:3)
  The ghost of Malachi the Ogre Mage, an amateur OgFE (D:4)
  2 jumping spiders (shapeshifter)
  3 red devils
  A queen bee (shapeshifter) (Vaults:4)
  39 merfolk
  A meliai (shapeshifter) (Vaults:5)
  A sea snake skeleton (Crypt:3)
  27 jumping spiders
  5 trolls
  2 wolf spider simulacra (D:15)
  2 ancient zymes
  6 hornets
  16 two-headed ogres
  A death drake skeleton (Crypt:1)
  2 polar bears (Lair:6)
  A hydra skeleton (Crypt:1)
  17 raiju
  2 fire dragon zombies
  A harpy skeleton (Crypt:3)
  81 slime creatures
  A slime creature (shapeshifter) (Elf:1)
  11 snapping turtles
  6 hippogriffs
  8 wind drakes
  2 ettin zombies
  3 bog bodies
  32 blink frogs
  6 dream sheep
  2 deep troll zombies
  A stone giant simulacrum (Vaults:3)
  3 ynoxinuls
  4 flying skulls
  7 air elementals
  86 redbacks
  A spriggan (shapeshifter) (D:14)
  13 spriggans (Lair:6)
  9 shadows
  16 wraiths
  32 yaks
  28 tarantellas
  2 vampires
  A wyvern (Lair:6)
  A human (D:10)
  13 water elementals
  A golden eye (Abyss:3)
  3 fire elementals
  7 chaos spawn
  6 neqoxecs
  5 basilisks
  The ghost of Jorund the Chopper, an amateur DsGl (D:3)
  A hungry ghost (D:15)
  Menkaure (D:6)
  3 mottled dragons
  A glowing shapeshifter zombie (Crypt:1)
  An insubstantial wisp (Depths:1)
  17 vampire mosquitoes
  13 wargs
  A spatial vortex (Abyss:3)
  10 water moccasins
  5 soldier ants
  4 hydra simulacra (Depths:3)
  A floating eye (shapeshifter) (Vaults:2)
  Duvessa (D:6)
  A spectral troll (Depths:3)
  A spiny frog zombie (Crypt:2)
  14 hell hounds
  7 porcupines
  36 orc warriors
  6 black bears
  A spiny frog skeleton (Crypt:2)
  4 slaves (D:6)
  A ghost crab zombie (Crypt:3)
  19 ice beasts
  2 sky beasts
  5 spectral spriggans (Depths:3)
  A manticore zombie (Crypt:1)
  49 ogres
  6 necrophages
  3 phantoms
  5 eyes of draining
  2 snapping turtle zombies
  24 wolves
  9 boggarts
  12 crocodiles
  A manticore skeleton (Crypt:3)
  23 centaurs
  2 elf zombies (Elf:1)
  7 big kobolds
  A wyvern zombie (D:13)
  A draconian skeleton (Crypt:1)
  A glowing shapeshifter simulacrum (Vaults:2)
  10 bullfrogs
  An earth elemental (Elf:3)
  Dowan (D:6)
  9 scorpions
  6 spectral nagas (Depths:3)
  21 wights
  3 spectral ogres (Depths:3)
  A howler monkey (shapeshifter) (Vaults:3)
  2 spectral centaurs (Depths:3)
  A howler monkey (D:6)
  6 electric eels
  A bullfrog zombie (D:7)
  9 crimson imps
  A basilisk zombie (Crypt:2)
  11 centaur zombies
  8 hounds
  A human zombie (Ossuary)
  6 quasits
  A human simulacrum (Vaults:3)
  2 iron imps (Abyss:1)
  A jelly (Abyss:3)
  24 orc priests
  A bullfrog skeleton (D:6)
  6 iguanas
  41 orc wizards
  16 worker ants
  A hell rat (Depths:1)
  2 spriggan simulacra (Depths:3)
  A porcupine skeleton (Crypt:2)
  4 big kobold zombies (Ossuary)
  A sky beast zombie (Crypt:3)
  A centaur simulacrum (Depths:3)
  A hound zombie (D:10)
  2 hound skeletons (D:8)
  3 mummies (Ossuary)
  A howler monkey zombie (D:7)
  3 worker ant zombies
  5 gnolls
  A howler monkey skeleton (D:8)
  A naga simulacrum (Depths:3)
  2 river rats
  4 scorpion zombies (Ossuary)
  A swamp drake zombie (Crypt:1)
  21 adders
  8 shadow imps
  4 white imps
  4 ufetubi
  An ooze (D:1)
  2 adder skeletons
  An adder zombie (D:6)
  An iguana skeleton (Crypt:2)
  5 worms
  2 dart slugs
  2 leopard geckos
  89 orcs
  6 ball pythons
  8 giant cockroaches
  3 gnoll zombies (Ossuary)
  7 goblins
  7 hobgoblins
  10 jackals
  4 quokkas
  7 bats
  6 frilled lizards
  A goblin zombie (Ossuary)
  A hobgoblin zombie (Ossuary)
  A jackal skeleton (Crypt:2)
  35 kobolds
  2 kobold zombies (Ossuary)
  3 leopard gecko skeletons
  A leopard gecko zombie (D:7)
  2 orc zombies (Ossuary)
  A quokka skeleton (Crypt:3)
  33 rats
  6 crawling corpses (Elf:3)
  9 fungi
  2 lurking horrors
  7 plants
  4 starspawn tentacles (Abyss:3)
  A withered plant (D:15)
2616 creatures vanquished.

Vanquished Creatures (others)
  A shadow dragon (Vaults:5)
  The ghost of kuzmorgo the Earth Mage, a journeyman GrEE of Sif Muna (Spider:3)
  A hell hog (Abyss:3)
  A shadow wraith (Depths:4)
  A skeletal warrior (Vaults:1)
  A necromancer (Depths:3)
  A siren (Shoals:1)
  2 yaktaurs
  A merfolk (Shoals:1)
  A shadow (Depths:4)
  2 centaurs
  A wolf (Depths:3)
  2 boggarts
  A crocodile (Lair:5)
  A small abomination (Abyss:1)
  A giant cockroach (Depths:1)
  A quokka (D:11)
  A bush (D:14)
  9 fungi
  A lurking horror (Abyss:3)
  11 plants
  2 starspawn tentacles (Abyss:3)
44 creatures vanquished.

Grand Total: 2660 creatures vanquished

Notes
Turn   | Place    | Note
-------+----------+-------------------------------------------
     0 | D:1      | Jorund the Demonspawn Gladiator began the quest for the Orb.
     0 | D:1      | Reached XP level 1. HP: 16/16 MP: 1/1
    36 | D:1      | Reached skill level 3 in Axes
   152 | D:1      | Gained mutation: You are partially covered in large bone plates. (SH +4) [demonic ancestry]
   152 | D:1      | Reached XP level 2. HP: 20/22 MP: 2/2
   701 | D:1      | Reached XP level 3. HP: 27/27 MP: 3/3
   923 | D:2      | Reached skill level 4 in Axes
  1563 | D:2      | Gained mutation: You are immune to rotting. [demonic ancestry]
  1563 | D:2      | Reached XP level 4. HP: 31/33 MP: 4/4
  1709 | D:3      | Reached skill level 1 in Armour
  1802 | D:3      | Noticed Jorund's ghost (amateur DsGl)
  1817 | D:3      | Killed Jorund's ghost
  1817 | D:3      | Reached skill level 5 in Axes
  1817 | D:3      | Reached XP level 5. HP: 38/38 MP: 5/5
  2372 | D:4      | Gained mutation: You regenerate a little health from kills. [demonic ancestry]
  2372 | D:4      | Reached XP level 6. HP: 20/44 MP: 6/6
  2426 | D:4      | Got a crude plate armour
  2439 | D:4      | Reached skill level 6 in Axes
  2460 | D:4      | Noticed Malachi's ghost (amateur OgFE)
  2473 | D:4      | Identified the cursed +0 plate armour of the Sky {rF+ Int+2 Slay+3} (You found it on level 4 of the Dungeon)
  2679 | D:4      | Killed Malachi's ghost
  2679 | D:4      | Reached skill level 7 in Axes
  2679 | D:4      | Gained mutation: You have large cloven feet. [demonic ancestry]
  2679 | D:4      | Reached XP level 7. HP: 23/50 MP: 7/7
  2783 | D:4      | Found a glowing drain.
  2794 | Sewer    | Entered a sewer
  3490 | D:5      | Entered Level 5 of the Dungeon
  3513 | D:5      | Found Bmuhuwn's Bounteous Boutique.
  3520 | D:5      | Bought a scroll of blinking for 82 gold pieces
  3732 | D:5      | Found a glowing golden altar of the Shining One.
  3781 | D:5      | Reached skill level 8 in Axes
  3899 | D:5      | Found an ancient bone altar of Kikubaaqudgha.
  3983 | D:5      | Gained mutation: You regenerate health from kills. [demonic ancestry]
  3983 | D:5      | Reached XP level 8. HP: 53/56 MP: 8/8
  3996 | D:5      | Found a staircase to the Ecumenical Temple.
  4110 | D:5      | Found an iron altar of Okawaru.
  4137 | Temple   | Entered the Ecumenical Temple
  4356 | D:5      | Found a shadowy altar of Dithmenos.
  4360 | D:5      | Became a worshipper of Warmaster Okawaru
  4388 | D:6      | Noticed Menkaure
  4401 | D:6      | Killed Menkaure
  4591 | D:6      | Reached skill level 9 in Axes
  4660 | D:6      | Reached * piety under Okawaru
  5113 | D:6      | Reached XP level 9. HP: 61/61 MP: 9/9
  5118 | D:6      | Reached skill level 5 in Armour
  5413 | D:6      | Noticed Dowan
  5415 | D:6      | Noticed Duvessa
  5422 | D:6      | Killed Dowan
  5422 | D:6      | Reached skill level 10 in Axes
  5423 | D:6      | Killed Duvessa
  5447 | D:6      | Noticed Pikel
  5457 | D:6      | Killed Pikel
  5457 | D:6      | Reached ** piety under Okawaru
  5532 | D:7      | Found an opulent altar of Gozag.
  5766 | D:7      | Found a snail-covered altar of Cheibriados.
  5797 | D:7      | Found a hazy altar of Hepliaklqana.
  5857 | D:7      | Reached skill level 11 in Axes
  6152 | D:7      | Noticed Duralumin's ghost (novice HEAE)
  6425 | D:7      | Killed Duralumin's ghost
  6425 | D:7      | Reached *** piety under Okawaru
  6888 | D:8      | Noticed a manticore
  7086 | D:7      | Reached XP level 10. HP: 66/67 MP: 10/10
  7174 | D:8      | Found a sand-covered staircase.
  7181 | Ossuary  | Entered an ossuary
  7265 | Ossuary  | Reached **** piety under Okawaru
  7336 | Ossuary  | Reached skill level 12 in Axes
  7499 | D:8      | Killed a manticore
  7508 | D:8      | Gained mutation: You passively map a small area around you. [potion of beneficial mutation]
  7887 | D:9      | Found Resoxab's Food Boutique.
  8404 | D:9      | Reached skill level 1 in Shields
  8527 | D:9      | Reached skill level 13 in Axes
  8699 | D:10     | Entered Level 10 of the Dungeon
  8802 | D:10     | Noticed Erolcha
  8809 | D:10     | Killed Erolcha
  8809 | D:10     | Reached ***** piety under Okawaru
  8987 | D:10     | Gained mutation: You may emit foul miasma when damaged in melee. [demonic ancestry]
  8987 | D:10     | Reached XP level 11. HP: 72/72 MP: 11/11
  9048 | D:10     | Found a staircase to the Lair.
  9048 | D:10     | Noticed an oklob plant
  9487 | D:10     | Killed an oklob plant
  9508 | Lair:1   | Entered Level 1 of the Lair of Beasts
  9602 | Lair:1   | Found a blossoming altar of Fedhas.
  9624 | Lair:1   | Noticed an oklob plant
  9811 | Lair:1   | Received a gift from Okawaru
  9818 | Lair:1   | Got a pair of shimmering boots {god gift}
  9831 | Lair:1   | Identified the +2 pair of boots of the Harp {*Slow +Inv +Fly SInv} (Okawaru gifted it to you on level 1 of the Lair of Beasts)
  9860 | Lair:1   | Noticed Gastronok
  9877 | Lair:1   | Killed Gastronok
  9877 | Lair:1   | Reached skill level 5 in Shields
  9877 | Lair:1   | Reached skill level 1 in Invocations
  9929 | Lair:1   | Reached skill level 14 in Axes
 10392 | Lair:2   | Found a blossoming altar of Fedhas.
 10393 | Lair:2   | Noticed an oklob plant
 10443 | Lair:2   | Found a staircase to the Shoals.
 10553 | Lair:2   | Gained mutation: You are mostly covered in large bone plates. (SH +6) [demonic ancestry]
 10553 | Lair:2   | Reached XP level 12. HP: 43/78 MP: 11/13
 10672 | Lair:2   | Found a hole to the Spider Nest.
 10842 | Lair:2   | Noticed an eight-headed hydra
 10951 | Lair:2   | Killed an eight-headed hydra
 10951 | Lair:2   | Reached ****** piety under Okawaru
 10951 | Lair:2   | Received a gift from Okawaru
 11400 | Lair:3   | Reached skill level 15 in Axes
 11588 | Lair:3   | Found a frozen archway.
 11695 | IceCv    | Entered an ice cave
 11924 | IceCv    | Noticed an ice dragon
 11925 | IceCv    | Noticed an ice dragon
 11939 | IceCv    | Killed an ice dragon
 11939 | IceCv    | Received a gift from Okawaru
 11950 | IceCv    | Killed an ice dragon
 12007 | IceCv    | Got a flickering golden ring
 12015 | IceCv    | Identified the ring of Grontol {Ice *Corrode Str+4 Stlth+} (You found it in an ice cave)
 12314 | Lair:3   | Reached skill level 5 in Fighting
 12734 | Lair:3   | Reached XP level 13. HP: 91/91 MP: 14/14
 13216 | Lair:4   | Reached skill level 16 in Axes
 13401 | Lair:4   | Noticed an entropy weaver
 13417 | Lair:4   | Noticed an entropy weaver
 13662 | Lair:4   | Received a gift from Okawaru
 13814 | Lair:4   | Killed an entropy weaver
 13991 | Lair:4   | Killed an entropy weaver
 14047 | Lair:5   | Found a shimmering altar of Xom.
 14103 | Lair:5   | Noticed Rupert
 14117 | Lair:6   | Entered Level 6 of the Lair of Beasts
 14270 | Lair:6   | Reached skill level 5 in Invocations
 14866 | Lair:6   | Received a gift from Okawaru
 14994 | Lair:6   | Gained mutation: You have hoof-like feet. [demonic ancestry]
 14994 | Lair:6   | Reached XP level 14. HP: 76/103 MP: 12/18
 15395 | Lair:6   | Identified a scroll of acquirement
 15400 | Lair:6   | Found a staircase to the Slime Pits.
 15637 | Lair:5   | Killed Rupert
 15637 | Lair:5   | Reached skill level 17 in Axes
 15737 | Lair:5   | Noticed Josephine
 15750 | Lair:5   | Killed Josephine
 15865 | Lair:5   | Received a gift from Okawaru
 15983 | Lair:5   | Noticed Nessos
 16009 | Lair:5   | Killed Nessos
 16151 | Lair:5   | Reached skill level 10 in Armour
 16298 | Lair:5   | Got a pair of spiked gloves
 16304 | Lair:5   | Identified the +0 pair of gloves of Wotirro {rPois MR+} (You acquired it on level 5 of the Lair of Beasts)
 16457 | D:11     | Found a white marble altar of Elyvilon.
 16552 | D:11     | Noticed Mysteryquy's ghost (journeyman MiFi)
 16607 | D:11     | Found a staircase to the Orcish Mines.
 16651 | D:11     | Killed Mysteryquy's ghost
 17191 | D:11     | Noticed Snorg
 17203 | D:11     | Killed Snorg
 17290 | D:12     | Received a gift from Okawaru
 17858 | D:13     | Received a gift from Okawaru
 17999 | D:13     | Got a jewelled chain mail
 18026 | D:13     | Identified the cursed +0 chain mail of the Sun {Dex+2} (You found it on level 13 of the Dungeon)
 18048 | D:13     | Found Xopekuime's Antique Armour Shoppe.
 18061 | D:13     | Bought a steaming cloak for 218 gold pieces
 18071 | D:13     | Identified the +1 cloak of Defrasch {rC+ rN+ Stlth+} (You bought it in a shop on level 13 of the Dungeon)
 18113 | D:13     | Reached skill level 18 in Axes
 18132 | D:13     | Found a gate to the Vaults.
 18466 | D:14     | Reached XP level 15. HP: 112/112 MP: 21/21
 18569 | D:14     | Found a shadowy altar of Dithmenos.
 18569 | D:14     | Found Ocrae's Antique Weapon Shoppe.
 18783 | Orc:1    | Entered Level 1 of the Orcish Mines
 18859 | Orc:1    | Found Koewenei's Gadget Shop.
 18930 | Orc:1    | Found Oqestelu's Assorted Antiques.
 18934 | Orc:1    | Found Tedel's Gadget Boutique.
 18938 | Orc:1    | Bought a scroll labeled WIUWU UTSAPSI for 28 gold pieces
 18938 | Orc:1    | Bought a scroll of enchant weapon for 210 gold pieces
 18961 | Orc:1    | Bought a wand of teleportation (4/9) for 360 gold pieces
 19240 | Orc:1    | Found Goirich's Armour Boutique.
 19281 | Orc:2    | Entered Level 2 of the Orcish Mines
 19339 | Orc:2    | Noticed Gobser's ghost (journeyman MiFi)
 19366 | Orc:2    | Killed Gobser's ghost
 19826 | Orc:2    | Found a staircase to the Elven Halls.
 19880 | Orc:2    | Found Cacurhir's Food Boutique.
 19880 | Orc:2    | Found Kikhleleo's Magic Scroll Boutique.
 19885 | Orc:2    | Found Ladiliph's Jewellery Shop.
 19888 | Orc:2    | Found Lodeibuf's Weapon Shop.
 19910 | Orc:2    | Bought a cursed amulet of inaccuracy for 26 gold pieces
 19911 | Orc:2    | Bought the ring of Divine Intervention {*Drain rElec rC+ MR+ Dex+5} for 808 gold pieces
 20101 | Orc:2    | Bought a scroll of enchant weapon for 97 gold pieces
 20102 | Orc:2    | Bought a scroll of identify for 26 gold pieces
 20102 | Orc:2    | Bought a scroll of identify for 26 gold pieces
 20102 | Orc:2    | Bought a scroll of identify for 26 gold pieces
 20102 | Orc:2    | Bought a scroll of immolation for 45 gold pieces
 20129 | Orc:2    | Noticed an orc warlord
 20146 | Orc:2    | Killed an orc warlord
 20146 | Orc:2    | Received a gift from Okawaru
 20540 | D:14     | Received a gift from Okawaru
 20562 | D:14     | Reached skill level 19 in Axes
 21028 | D:15     | Entered Level 15 of the Dungeon
 21058 | D:15     | Reached skill level 10 in Fighting
 21098 | D:15     | Noticed Azrael
 21110 | D:15     | Killed Azrael
 21594 | D:15     | Found a staircase to the Depths.
 22005 | Lair:1   | Gained mutation: Your mind is acute. (Int +2) [potion of mutation]
 22005 | Lair:1   | Gained mutation: Your flesh is cold resistant. (rC+) [potion of mutation]
 22005 | Lair:1   | Gained mutation: Your body sometimes deteriorates upon taking damage. [potion of mutation]
 22047 | Spider:1 | Entered Level 1 of the Spider Nest
 22089 | Spider:1 | Gained mutation: You have hooves in place of feet. [demonic ancestry]
 22089 | Spider:1 | Reached XP level 16. HP: 124/124 MP: 18/22
 22230 | Spider:1 | Received a gift from Okawaru
 23657 | Spider:2 | Reached skill level 20 in Axes
 24158 | Spider:2 | Lost mutation: Your flesh is cold resistant. (rC+) [potion of mutation]
 24158 | Spider:2 | Gained mutation: Your spells are a little harder to cast, but a little more powerful. [potion of mutation]
 24158 | Spider:2 | Gained mutation: You are weak. (Str -2) [potion of mutation]
 24159 | Spider:2 | Lost mutation: Your body sometimes deteriorates upon taking damage. [potion of cure mutation]
 24159 | Spider:2 | Lost mutation: Your mind is acute. (Int +2) [potion of cure mutation]
 24159 | Spider:2 | Lost mutation: Your spells are a little harder to cast, but a little more powerful. [potion of cure mutation]
 24159 | Spider:2 | Lost mutation: You are weak. (Str -2) [potion of cure mutation]
 24159 | Spider:2 | Lost mutation: You passively map a small area around you. [potion of cure mutation]
 24254 | Spider:3 | Received a gift from Okawaru
 24305 | Spider:3 | Noticed kuzmorgo's ghost (journeyman GrEE)
 24318 | Spider:3 | Killed kuzmorgo's ghost
 24887 | Spider:4 | Entered Level 4 of the Spider Nest
 25278 | Spider:4 | Noticed Arachne
 25295 | Spider:4 | Killed Arachne
 25295 | Spider:4 | Reached XP level 17. HP: 93/133 MP: 9/23
 25821 | Spider:4 | Received a gift from Okawaru
 25830 | Spider:4 | Reached skill level 21 in Axes
 25886 | Spider:4 | Got a gossamer rune of Zot
 26199 | Vaults:1 | Entered Level 1 of the Vaults
 26493 | Vaults:1 | Received a gift from Okawaru
 26722 | Vaults:1 | Received a gift from Okawaru
 27222 | Vaults:1 | Reached XP level 18. HP: 143/143 MP: 21/24
 27609 | Vaults:2 | Reached skill level 22 in Axes
 27843 | Vaults:2 | Paralysed by a floating eye for 4 turns
 27860 | Vaults:2 | Received a gift from Okawaru
 28113 | Vaults:2 | Found a staircase to the Crypt.
 28659 | Vaults:2 | Received a gift from Okawaru
 29665 | Vaults:3 | Received a gift from Okawaru
 30095 | Vaults:4 | Reached XP level 19. HP: 139/152 MP: 18/25
 30175 | Vaults:4 | Noticed Frederick
 30194 | Vaults:4 | Killed Frederick
 30224 | Vaults:4 | Found Jixamos's Armour Shop.
 30245 | Vaults:4 | Noticed Sojobo
 30258 | Vaults:4 | Reached skill level 23 in Axes
 30272 | Vaults:4 | Killed Sojobo
 30368 | Vaults:4 | Received a gift from Okawaru
 31406 | Elf:1    | Entered Level 1 of the Elven Halls
 31491 | Elf:1    | Received a gift from Okawaru
 31714 | Elf:1    | Identified Kikubaaqudgha's Incunabulum of Sinister Arts
 31772 | Elf:1    | Found a shimmering altar of Xom.
 31799 | Elf:1    | Reached skill level 15 in Fighting
 32578 | Elf:2    | Found Utuyty's Magic Scroll Shoppe.
 32581 | Elf:2    | Found Faku Bik's Distillery.
 32588 | Elf:2    | Bought a scroll of fear for 52 gold pieces
 32712 | Elf:2    | Found a runed gate.
 32712 | Elf:2    | Found a runed gate.
 32712 | Elf:2    | Found a runed gate.
 32851 | Elf:3    | Entered Level 3 of the Elven Halls
 32887 | Elf:3    | Found Tocuh's Weapon Emporium.
 33136 | Elf:3    | Got a clouded steel ring
 33317 | Elf:3    | Gained mutation: You frequently emit foul miasma when damaged in melee. [demonic ancestry]
 33317 | Elf:3    | Reached XP level 20. HP: 160/162 MP: 5/26
 33342 | Elf:3    | Reached skill level 24 in Axes
 33353 | Elf:3    | Received a gift from Okawaru
 33431 | Elf:3    | Got a scorched executioner's axe {chop}
 33479 | Elf:3    | Identified Sif Muna's Collected Works on Harmful Malediction
 33553 | Elf:3    | Identified Ywiebeuw's Compendium of Sinister Arts and Confrontation
 33556 | Elf:3    | Identified the ring "Vusato" {+Fly rF- Int+4 Stlth+} (You took it off a deep elf knight on level 3 of the Elven Halls)
 33594 | Elf:3    | Received a gift from Okawaru
 33604 | Elf:3    | Identified the Reference Book on Earthen Displacement
 33612 | Elf:3    | Got a sparkling amber ring
 33615 | Elf:3    | Got a twitching emerald amulet
 33620 | Elf:3    | Got a bound iron ring
 33622 | Elf:3    | Identified Kiaxarr's Disquisition on Creative Poison
 33628 | Elf:3    | Identified the ring of Qemahuop {Fire Str+7} (You found it on level 3 of the Elven Halls)
 33629 | Elf:3    | Identified the amulet "Muixoreo" {Reflect SH+3 Stlth+} (You found it on level 3 of the Elven Halls)
 33630 | Elf:3    | Identified the ring "Dozxoel" {*Tele +Inv rF- rN+ Stlth+} (You found it on level 3 of the Elven Halls)
 33788 | Elf:2    | Identified the cursed +0 executioner's axe "Spiderbane" {chop, *Slow +Rage Int-3 Dex+8} (You took it off a deep elf knight on level 3 of the Elven Halls)
 34773 | Depths:1 | Entered Level 1 of the Depths
 34924 | Depths:1 | Received a gift from Okawaru
 34941 | Depths:1 | Found a gateway to Hell.
 35277 | Depths:1 | Found a runed gate.
 35278 | Depths:1 | Found a runed gate.
 35284 | Depths:1 | Found a runed gate.
 35559 | Depths:1 | Got a polished hat
 35572 | Depths:1 | Identified the +0 hat of the Evil One {+Fly Dex+4} (You found it on level 1 of the Depths)
 35671 | Depths:2 | Gained mutation: You regenerate a lot of health from kills. [demonic ancestry]
 35671 | Depths:2 | Reached XP level 21. HP: 172/172 MP: 24/27
 35689 | Depths:2 | Reached skill level 25 in Axes
 35792 | Depths:2 | Noticed Saint Roka
 35815 | Depths:2 | Killed Saint Roka
 35841 | Depths:2 | Received a gift from Okawaru
 35926 | Depths:2 | Found a one-way gate leading to the halls of Pandemonium.
 36633 | Orc:2    | Bought a scroll of enchant armour for 97 gold pieces
 36633 | Orc:2    | Bought a scroll of enchant armour for 97 gold pieces
 37660 | Depths:3 | Noticed an ancient lich
 37669 | Depths:3 | Killed an ancient lich
 37669 | Depths:3 | Received a gift from Okawaru
 37669 | Depths:3 | Received a gift from Okawaru
 38166 | Depths:4 | Gained mutation: You are robust. (+10% HP) [demonic ancestry]
 38166 | Depths:4 | Reached XP level 22. HP: 175/200 MP: 28/28
 38341 | Depths:4 | Noticed a golden dragon
 38341 | Depths:4 | Reached skill level 26 in Axes
 38416 | Depths:4 | Got a pitted bronze ring
 38439 | Depths:4 | Identified the ring of Zeuwonum {MR+ Int-5 Dex+4 Stlth+} (You took it off a boggart on level 4 of the Depths)
 38456 | Depths:4 | Found a shadowy altar of Dithmenos.
 38620 | Depths:4 | Received a gift from Okawaru
 38904 | Depths:4 | Found a corrupted altar of Lugonu.
 38904 | Depths:4 | Found a one-way gate to the infinite horrors of the Abyss.
 38988 | Depths:5 | Entered Level 5 of the Depths
 38995 | Depths:5 | Noticed a juggernaut
 39004 | Depths:5 | Killed a juggernaut
 39044 | Depths:5 | Received a gift from Okawaru
 39044 | Depths:5 | Reached skill level 15 in Armour
 39097 | Depths:5 | Found Huaxt's Gadget Boutique.
 39097 | Depths:5 | Found Zidiz's Jewellery Shoppe.
 39098 | Depths:5 | Found Wiyne's Gadget Boutique.
 39195 | Depths:5 | Received a gift from Okawaru
 39282 | Depths:5 | Noticed a golden dragon
 39305 | Depths:5 | Killed a golden dragon
 39447 | Depths:5 | Noticed a juggernaut
 39459 | Depths:5 | Killed a juggernaut
 39698 | Depths:4 | Got a blackened fustibalus {god gift}
 40055 | Depths:5 | Found a gate to the Realm of Zot.
 40089 | Depths:5 | Reached XP level 23. HP: 213/213 MP: 29/29
 40143 | Depths:3 | Received a gift from Okawaru
 40325 | Vaults:5 | Entered Level 5 of the Vaults
 40338 | Vaults:5 | Received a gift from Okawaru
 40485 | Vaults:5 | Got a silver rune of Zot
 40526 | Vaults:5 | Got a twitching wooden ring
 40537 | Vaults:5 | Identified the ring "Pappamas" {Wiz *Contam rPois Dex+6} (You took it off a meliai on level 5 of the Vaults)
 40565 | Vaults:5 | Received a gift from Okawaru
 40768 | Vaults:5 | Reached skill level 27 in Axes
 41056 | Vaults:5 | Found Rounim's Magic Scroll Shop.
 41063 | Vaults:5 | Bought a scroll of identify for 42 gold pieces
 41063 | Vaults:5 | Bought a scroll of fog for 42 gold pieces
 41063 | Vaults:5 | Bought a scroll of identify for 42 gold pieces
 41063 | Vaults:5 | Bought 2 scrolls of magic mapping for 147 gold pieces
 41109 | Vaults:5 | Found Hidiy's Food Shoppe.
 41116 | Vaults:5 | Found Jukhlurea's Magic Scroll Shoppe.
 41352 | Vaults:5 | Gained mutation: You are completely covered in large bone plates. (SH +8) [demonic ancestry]
 41352 | Vaults:5 | Reached XP level 24. HP: 226/226 MP: 29/29
 41913 | Crypt:1  | Entered Level 1 of the Crypt
 42010 | Crypt:1  | Received a gift from Okawaru
 43383 | Crypt:3  | Entered Level 3 of the Crypt
 43548 | Crypt:3  | Received a gift from Okawaru
 44046 | Crypt:3  | Noticed an ancient lich
 44063 | Crypt:3  | Noticed an ancient lich
 44250 | Crypt:3  | Found a staircase to the Tomb.
 44858 | Orc:2    | Bought an uncursed ring of resist corrosion for 260 gold pieces
 44958 | Elf:2    | Bought a potion of might for 68 gold pieces
 44958 | Elf:2    | Bought a potion of cure mutation for 425 gold pieces
 44958 | Elf:2    | Bought a potion of curing for 51 gold pieces
 45265 | Slime:1  | Entered Level 1 of the Pits of Slime
 45408 | Slime:2  | Gained mutation: You expend magic power (3 MP) to strengthen your wands. [a shining eye]
 45484 | Slime:4  | Gained mutation: You possess an exceptional clarity of mind. [a shining eye]
 45501 | Slime:4  | Received a gift from Okawaru
 45527 | Slime:5  | Entered Level 5 of the Pits of Slime
 45548 | Slime:5  | Reached XP level 25. HP: 193/243 MP: 24/29
 45559 | Slime:5  | Gained mutation: You are very robust. (+20% HP) [a shining eye]
 45562 | Slime:5  | Noticed the Royal Jelly
 45564 | Slime:5  | Gained mutation: Your mind is acute. (Int +2) [a shining eye]
 45884 | Slime:5  | Killed the Royal Jelly
 45903 | Slime:5  | Lost mutation: You are very robust. (+20% HP) [a shining eye]
 45984 | Slime:5  | Got a slimy rune of Zot
 46056 | Slime:5  | Gained mutation: Your magical capacity is low. (-10% MP) [a shining eye]
 46058 | Slime:5  | Gained mutation: Armour fits poorly on your strangely shaped body. [a shining eye]
 46190 | Lair:6   | Lost mutation: You expend magic power (3 MP) to strengthen your wands. [potion of cure mutation]
 46190 | Lair:6   | Lost mutation: Your mind is acute. (Int +2) [potion of cure mutation]
 46190 | Lair:6   | Lost mutation: You possess an exceptional clarity of mind. [potion of cure mutation]
 46190 | Lair:6   | Lost mutation: Armour fits poorly on your strangely shaped body. [potion of cure mutation]
 46397 | Shoals:1 | Entered Level 1 of the Shoals
 46636 | Shoals:1 | Received a gift from Okawaru
 46673 | Shoals:1 | Got a pair of steaming gloves {god gift}
 46684 | Shoals:1 | Identified the +0 pair of gloves "Osiox" {rElec rPois Str-5 Stlth+} (Okawaru gifted it to you on level 1 of the Shoals)
 46739 | Shoals:1 | Reached skill level 5 in Dodging
 47930 | Shoals:3 | Noticed Mara
 47952 | Shoals:3 | Identified a +0 rod of clouds (10/10) (You found it on level 3 of the Shoals)
 48000 | Shoals:3 | Noticed Jorund's illusion
 48278 | Shoals:3 | Noticed Jorund's illusion
 48286 | Shoals:3 | Killed Mara
 48360 | Shoals:4 | Entered Level 4 of the Shoals
 48495 | Shoals:4 | Got a barnacled rune of Zot
 48553 | Shoals:4 | Noticed Ilsuiw
 48577 | Shoals:4 | Killed Ilsuiw
 48760 | Shoals:4 | Received a gift from Okawaru
 48859 | Shoals:4 | Got an ichor-stained plate armour
 48863 | Shoals:4 | Identified the +6 plate armour of Biusoteu {*Drain rPois rC+++ MP-9} (You found it on level 4 of the Shoals)
 49411 | Depths:4 | Voluntarily entered the Abyss.
 49605 | Abyss:1  | Paralysed by accursed screaming for 1 turns
 49611 | Abyss:1  | Paralysed by accursed screaming for 1 turns
 49629 | Abyss:1  | Gained mutation: You are weak. (Str -2) [a cacodemon]
 49759 | Abyss:1  | Gained mutation: You are very robust. (+20% HP) [demonic ancestry]
 49759 | Abyss:1  | Reached XP level 26. HP: 201/274 MP: 26/26
 49892 | Abyss:1  | Reached skill level 10 in Dodging
 50102 | Abyss:1  | Received a gift from Okawaru
 50105 | Abyss:1  | Got a pitted buckler {god gift}
 50154 | Abyss:3  | Identified the +2 buckler of Puen {*Corrode Regen+ Dex+4 Slay+2} (Okawaru gifted it to you on level 1 of the Abyss)
 50181 | Abyss:3  | Found an opulent altar of Gozag.
 50708 | Abyss:3  | Paralysed by you for 4 turns
 50782 | Abyss:3  | Got an abyssal rune of Zot
 50860 | Abyss:5  | Entered Level 5 of the Abyss
 50947 | Depths:4 | Escaped the Abyss
 51023 | Zot:1    | Entered Level 1 of the Realm of Zot
 51042 | Zot:1    | HP: 9/274 [shadow dragon (15)]
 51042 | Zot:1    | Slain by a shadow dragon

Vault maps used:
D:1:      lightli_arrival_noodles
D:2:      first_bread
D:4:      portal_sewer_entry_e
D:5:      overflow_temple_1_default, gammafunk_temple_overflow_statue,
          nicolae_alphabet_shops, tso_metal_star
D:6:      uniq_pikel, uniq_duvessa, uniq_menkaure
D:7:      kennysheep_big_flooded_room, nicolae_overflow_hidden_temple,
          slow_altar_1, lemuel_altar_in_water2
D:8:      nicolae_ossuary_entry_monument
D:9:      serial_shops, shop
D:10:     dpeg_oklobed_lair, grunt_pizzeria, grunt_decor_arrowhead, uniq_erolcha
D:11:     erik_orc_2, elyvilon_altar_4, uniq_snorg
D:13:     erik_vaults_2, serial_shops, nicolae_shop_statue_plus,
          hangedman_decor_riveting, grunt_ministairs_10
D:14:     kennysheep_kobold_grotto, minmay_door_square, serial_shops, shop,
          grunt_dithmenos_smoke
D:15:     gammafunk_depths_entry_grave, serial_park_avenue1, spider_trap,
          lemuel_flamethrower_3, uniq_azrael
Temple:   regret_index_temple_sphere_string
Lair:1:   tgw_fedhas, uniq_gastronok
Lair:2:   shoals_dummy_entry, spider_nest_entry_a, ldierk_geyser,
          lemuel_oklob_altar
Lair:3:   portal_ice_cave_demonic_guard
Lair:4:   ldierk_geyser, serial_bayou_ford_a, wad_woods_antlair,
          serial_bayou_shore_a, grunt_megastairs_1
Lair:5:   basic_altar, grunt_megastairs_5, uniq_josephine, uniq_nessos,
          uniq_rupert
Lair:6:   minmay_lair_end_enchanted_forest, dpeg_slime_entry_corner,
          serial_bayou_shore_b
Shoals:1: cheibrodos_shoals_oceanic_diplomacy
Shoals:3: uniq_mara
Shoals:4: shoals_end_simple, shoals_ilsuiw_alternative, yaktaur_hedge
Spider:2: nicolae_spider_cling_ruins, nicolae_spider_cling_halls
Spider:4: grunt_spider_rune_circles, uniq_arachne
Slime:1:  basic_altar
Slime:3:  cheibrodos_slime_lost_civilization_7
Orc:1:    serial_shops, nicolae_shop_trees, shop, shop, shop_statue
Orc:2:    st_orc_mages, nicolae_orc_rockfall
Elf:1:    elf_arrival_002, basic_altar, minmay_elf_necromancy
Elf:2:    minmay_shop_star
Elf:3:    grunt_elf_hall_diamonds, serial_shops, shop
Vaults:1: nicolae_vaults_circle_grid_b, st_smaller_cells, vaults_mumra_hex,
          vaults_room_semicircle
Vaults:2: vaults_dpeg_diagonal, vaults_dpeg_ring, hangedman_vaults_corner,
          vaults_room_pools, grunt_vaults_focal, v_misc_4, v_misc_29,
          vaults_room_pool, nicolae_vaults_circle_grid_a,
          minmay_crypt_entry_simple_plaza, v_misc_4, nicolae_vaults_asterisk,
          vaults_dpeg_encased_lava
Vaults:3: nicolae_vaults_twisting_passages, v_misc_12,
          ontoclasm_vaults_decontamination, vaults_room_stairs_pillars,
          vaults_dpeg_spiral, nicolae_vaults_little_squares_5,
          grunt_vaults_funnel, nicolae_vaults_little_squares_2
Vaults:4: ontoclasm_vaults_ligature, vaults_room_pool, grunt_vaults_trifunnel,
          nicolae_vaults_shelves_hall, nicolae_vaults_alarming, v_alt_pattern_6,
          v_misc_32, dpeg_vaults_monster_box, hangedman_vaults_trim,
          nicolae_vaults_little_squares_1, nicolae_vaults_theta,
          grunt_vaults_hallway_long, ontoclasm_vaults_fault,
          vaults_room_ringed_pool, ontoclasm_vaults_ring_large, serial_shops,
          shop, uniq_sojobo, uniq_frederick
Vaults:5: serial_shops
Crypt:3:  david_glass_crypt
Depths:1: minmay_misc_feat_enclosed, hell_entry, pandoras_box_mu,
          roderic_lattice_octagonal_star, serial_bayou_shore_b
Depths:2: nicolae_whirlpool, minmay_misc_feat_roman, hangedman_coc_ice_floe,
          grunt_pan_entry_sceptre, uniq_saint_roka
Depths:3: lemuel_river_lethe, pan_entry, hell_entry
Depths:4: regret_index_dithmenos_brocken_genspenst, abyss_entry_flame_altar,
          rand_demon_pan_entry_1, hell_entry, minmay_misc_feat_square,
          serial_curves, eino_curves_04, eino_curves_03,
          infiniplex_staircase_river, basic_stair_grate_trap
Depths:5: grunt_zot_entry_gee_three, hell_entry, rand_demon_pan_entry_9,
          minmay_shop_grove
Zot:1:    evilmike_ambush
Abyss:2:  hangedman_abyss_mock_shop
Abyss:3:  evilmike_abyss_exit_6, minivault_25_ag
Abyss:4:  evilmike_abyss_exit_mutagenic, evilmike_abyss_exit_chaos
Sewer:    sewer_minmay_treatment
Ossuary:  ossuary_minmay_scorpions
IceCv:    ice_cave_small_dragons

Skill      XL: |  1  2  3  4  5  6  7  8  9 10 11 12 13 14 15 16 17 18 19 20 21 22 23 24 25 26 |
---------------+-------------------------------------------------------------------------------+-----
Axes           | 3 4 5 7 8 9 11 13 14 15 16 18 19 20 21 22 23 24 25 26 27 | 27.0
Armour         | 1 2 3 4 6 7 8 9 10 11 12 13 14 15 16 17 19 20 | 20.1
Shields        | 2 6 |  6.3
Invocations    | 1 2 6 8 |  8.0
Fighting       | 5 7 8 10 12 13 14 15 16 17 19 20 23 | 23.4
Dodging        | 9 12 | 12.0
Throwing       | |  1.7

Action                   |  1- 3 |  4- 6 |  7- 9 | 10-12 | 13-15 | 16-18 | 19-21 | 22-24 | 25-27 || total
-------------------------+-------+-------+-------+-------+-------+-------+-------+-------+-------++-------
Melee: War axe           |   105 |   170 |   403 |   613 |       |       |       |       |       ||  1291
       Kick              |       |       |   107 |   267 |   395 |   519 |   533 |   753 |   507 ||  3081
       Broad axe         |       |       |       |    43 |   560 |       |       |       |       ||   603
       Executioner's axe |       |       |       |       |   849 |  1187 |  1224 |  1377 |  1073 ||  5710
Throw: Throwing net      |       |       |       |     3 |     1 |       |       |       |       ||     4
Invok: Heroism           |       |       |     2 |     8 |    13 |    11 |     7 |     4 |     3 ||    48
       Finesse           |       |       |       |       |     3 |     4 |     8 |     2 |     2 ||    19
Evoke: Wand              |       |       |       |    14 |     7 |       |     8 |     1 |     1 ||    31
  Use: Scroll            |     6 |     4 |    13 |     5 |    19 |     9 |    19 |     8 |    17 ||   100
       Potion            |       |     3 |     9 |     9 |     5 |     8 |     2 |       |     7 ||    43
 Stab: Paralysed         |       |       |       |     6 |       |       |       |       |       ||     6
       Held in net/web   |       |       |       |       |       |     2 |       |       |       ||     2
       Distracted        |       |       |       |       |       |       |       |     1 |       ||     1
  Eat: Chunk             |     2 |     4 |    11 |    18 |    33 |    16 |    23 |    15 |    13 ||   135
       Fruit             |       |       |     2 |       |       |       |     3 |     7 |       ||    12
       Royal jelly       |       |       |     1 |       |       |       |       |     1 |     1 ||     3
       Pizza             |       |       |       |     1 |       |     2 |     1 |     3 |       ||     7
       Meat ration       |       |       |       |       |     1 |     1 |       |       |     1 ||     3
       Bread ration      |       |       |       |       |       |     1 |       |       |       ||     1
Armor: Leather armour    |    13 |       |       |       |       |       |       |       |       ||    13
       Chain mail        |    39 |    75 |       |       |       |       |       |       |       ||   114
       Plate armour      |       |     6 |   232 |   249 |   782 |   899 |   406 |       |       ||  2574
       Crystal plate arm |       |       |       |       |       |       |   222 |   877 |   681 ||  1780
Dodge: Dodged            |    47 |    78 |   136 |   174 |   454 |   536 |   382 |   268 |   389 ||  2464
Block: Other             |    17 |    28 |    68 |    29 |   270 |   342 |   280 |   477 |   483 ||  1994
       Buckler           |       |       |       |   200 |   275 |       |       |       |       ||   475
       Reflection        |       |       |       |       |       |       |     2 |    13 |    53 ||    68
